 Dungeon Crawl Stone Soup version 0.30.1-9-gdf580d7c3d (webtiles) character file.

Game seed: 7723580896886642947

49 Ivernyr the Shield-Bearer (level 4, 37/37 HPs)
             Began as a Formicid Fighter on Oct 7, 2023.
             Got out of the dungeon alive.
             The game lasted 00:02:20 (1337 turns).

Ivernyr the Shield-Bearer (Formicid Fighter)        Turns: 1337, Time: 00:02:21

Health: 37/37      AC:  7    Str: 22    XL:     4   Next: 1%
Magic:  4/4        EV:  9    Int:  8    God:
Gold:   90         SH:  5    Dex: 13    Spells: 3/3 levels left

rFire   . . .        a - +0 war axe
rCold   . . .        c - +0 buckler
rNeg    . . .        b - +0 scale mail
rPois   .            (helmet unavailable)
rElec   .            (no cloak)
rCorr   .            (no gloves)
SInv    +            (no boots)
Will    .....        (no amulet) Stlth
                     (no ring)
HPRegen 0.26/turn    (no ring)
MPRegen 0.09/turn

%: no passive effects
@: no status effects
A: permanent stasis, dig shafts and tunnels, antennae 3, four strong arms
a: Dig, Shaft Self


You escaped.
You visited 1 branch of the dungeon, and saw 2 of its levels.

You collected 90 gold pieces.

Inventory:

Hand Weapons
 a - a +0 war axe (weapon)
Armour
 b - a +0 scale mail (worn)
 c - a +0 buckler (worn)
Scrolls
 e - a scroll of noise {unknown}
 g - a scroll of vulnerability {unknown}
Potions
 d - a potion of might
 f - a potion of mutation {unknown}


   Skills:
 + Level 3.7 Fighting
 * Level 2.9 Axes
 + Level 3.7 Armour
 + Level 4.5 Shields


You had 3 spell levels left.
You didn't know any spells.
Your spell library contained the following spells:

 Spells                   Type           Power      Damage    Failure   Level
 Sting                    Tmut/Pois      0%         1d3       80%         1
 Poisonous Vapours        Pois/Air       0%         N/A       90%         2
 Olgreb's Toxic Radiance  Pois           0%         N/A       100%        4


Dungeon Overview and Level Annotations

Branches:
Dungeon (2/15)

Altars:
Dithmenos


Innate Abilities, Weirdness & Mutations

You cannot be hasted, slowed, berserked, paralysed or teleported.
You can dig through walls and to a lower floor.
You have a pair of large antennae on your head. (SInv)
Your four strong arms can wield two-handed weapons with a shield.


Message History

You are frozen.
You slash the endoplasm!
You kill the endoplasm!
Found a stone staircase leading down.
A goblin comes into view. It is wielding a +0 club.
Found 9 gold pieces.
Found an escape hatch in the ceiling.
Found a robe.
You see here 5 gold pieces.
The goblin hits you but does no damage.
You closely miss the goblin. The goblin hits you but does no damage.
You closely miss the goblin. You block the goblin's attack.
The goblin hits you but does no damage.
You hit the goblin.
The goblin is moderately wounded.
The goblin hits you but does no damage.
You slash the goblin!
You kill the goblin!
Things that are here:
a +0 club; a goblin corpse You now have 72 gold pieces (gained 5).
Found a leather armour.
Found 5 stones.
You now have 81 gold pieces (gained 9).
You now have 90 gold pieces (gained 9).
Found a stone staircase leading down.
You sense a monster nearby.
A giant cockroach comes into view.
You hit the giant cockroach.
You kill the giant cockroach!
You have reached level 4!
You feel clever.
(D) Dungeon
Where to? (Enter - D:2, ? - help)
What level of the Dungeon? (default 1, ? - help)
There is a stone staircase leading up here.
You climb upwards.
There is a stone staircase leading down here.
There is a staircase leading out of the dungeon here.
Are you sure you want to leave the Dungeon?
This will make you lose the game!
You have escaped!

#..##....# #.....#...#..........
#..##########.........#######...#
#........##..##....#.## #..###
#.######.##.......##.#######.####
...# #........####.............
.#.#####......#####...######.####
.#.#........#####>#...#......#
.#.#.###.[#####.......#.###..#
.#.#.# ######...@............#
.#...# #..#......##.#....##.#
###### #.......####....#.##.# #
##....####....#.#.##.# #
###'####.#>...##.#..#.#
########...#.........##.##.#.#
#...........########.##.##.#.#
#.#####.....# #>##.##.#.#
#.#...#.##### #.##.##.#.#


There were no monsters in sight!

Vanquished Creatures
  An adder (D:2)
  2 ball pythons (D:1)
  4 endoplasms
  2 giant cockroaches
  6 goblins
  4 hobgoblins (D:1)
  3 quokkas
  3 bats
  5 frilled lizards
  4 kobolds (D:1)
  2 rats
36 creatures vanquished.

Notes
Turn   | Place    | Note
-------+----------+-------------------------------------------
     0 | D:1      | Ivernyr the Formicid Fighter began the quest for the Orb.
     0 | D:1      | Reached XP level 1. HP: 18/18 MP: 1/1
   116 | D:1      | Found a faded altar of an unknown god.
   149 | D:1      | Reached XP level 2. HP: 14/24 MP: 2/2
   488 | D:1      | Reached XP level 3. HP: 28/29 MP: 3/3
   949 | D:2      | Found a shadowy altar of Dithmenos.
  1291 | D:2      | Reached XP level 4. HP: 37/37 MP: 4/4
  1337 | D:$      | Got out of the dungeon alive.

Illustrated notes

Levels and vault maps discovered:
D:1:      dpeg_arrival_long_road, layout_basic, nicolae_ecumenical_lake_church,
          corexii_leaking_fountain, minmay_strange_pillars
D:2:      layout_loops_cross, basic_altar

Action                     |  1- 3 |  4- 6 || total
---------------------------+-------+-------++-------
  Melee: War axe           |   107 |       ||   107
 Armour: Scale mail        |    35 |       ||    35
  Dodge: Dodged            |    57 |       ||    57
  Block: Buckler           |    27 |       ||    27
